 Dungeon Crawl Stone Soup version 0.26-a0-30-g56b8cd3df0 (webtiles) character file.

Game seed: 17068586002463973007, levelgen mode: deterministic

412 vurker the Conjurer (level 6, -3/35 HPs)
             Began as a Deep Elf Conjurer on May 30, 2020.
             Slain by Duvessa
             ... wielding a +0 short sword of speed
              (9 damage)
             ... on level 4 of the Dungeon.
             The game lasted 00:03:35 (4599 turns).

vurker the Conjurer (Deep Elf Conjurer)             Turns: 4599, Time: 00:03:36

Health: -3/35      AC: 11    Str:  5    XL:     6   Next: 59%
Magic:  8/17       EV: 12    Int: 22    God:
Gold:   148        SH:  0    Dex: 15    Spells: 14/17 levels left

rFire    . . .     SeeInvis .   v - +2 quarterstaff (chaos)
rCold    . . .     Gourm    .   (shield currently unavailable)
rNeg     + + .     Faith    .   s - +3 leather armour {rN+}
rPois    .         Spirit   .   a - +0 helmet
rElec    .         Reflect  .   u - +0 cloak
rCorr    .         Harm     .   (no gloves)
MR       .....                  r - +2 pair of boots
Stlth    ++........             (no amulet)
HPRegen  0.11/turn              l - ring of positive energy
MPRegen  0.15/turn              (no ring)

@: no status effects
A: no striking features
a: no special abilities


You were on level 4 of the Dungeon.
You were not hungry.

You visited 1 branch of the dungeon, and saw 4 of its levels.

You collected 148 gold pieces.

Inventory:

Hand Weapons
 v - a +2 quarterstaff of chaos (weapon)
   (You took it off Crazy Yiuf on level 3 of the Dungeon)
Armour
 a - a +0 helmet (worn)
   (You found it on level 3 of the Dungeon)
 r - a +2 pair of boots (worn)
   (You found it on level 3 of the Dungeon)
 s - a +3 leather armour of positive energy (worn)
   (You took it off Ijyb on level 3 of the Dungeon)
 u - a +0 cloak (worn)
   (You took it off Crazy Yiuf on level 3 of the Dungeon)
Jewellery
 l - a ring of positive energy (left hand)
   (You found it on level 1 of the Dungeon)
Wands
 d - a wand of iceblast (2)
   (You took it off Ijyb on level 3 of the Dungeon)
Scrolls
 f - 2 scrolls of magic mapping {unknown}
 g - a scroll of teleportation {unknown}
 j - a scroll of random uselessness {unknown}
 k - 2 scrolls of enchant weapon {unknown}
 m - 3 scrolls of identify {unknown}
 n - a scroll of immolation {unknown}
 p - a scroll of remove curse {unknown}
 q - a scroll of amnesia {unknown}
 t - a scroll of fog {unknown}
Potions
 b - 2 potions of mutation {unknown}
 c - 4 potions of heal wounds {unknown}
 h - 2 potions of haste {unknown}
 i - 3 potions of curing {unknown}
 o - 2 potions of cancellation {unknown}
Comestibles
 e - 9 rations
 w - 2 chunks of flesh


   Skills:
 + Level 2.2 Fighting
 - Level 2.4 Dodging
 - Level 2.4 Stealth
 * Level 6.4 Spellcasting
 * Level 6.4 Conjurations


You had 14 spell levels left.
You knew the following spells:

 Your Spells              Type           Power        Failure   Level  Hunger
a - Magic Dart            Conj           ####         1%          1    None
b - Searing Ray           Conj           #####.       1%          2    None

Your spell library contained the following spells:

 Spells                   Type           Power        Failure   Level  Hunger
 Dazzling Flash           Conj/Hex       ###...       12%         3    #......
 Animate Skeleton         Necr           N/A          14%         1    None
 Apportation              Tloc           #.....       14%         1    None
 Corona                   Hex            #......      14%         1    None
 Summon Small Mammal      Summ           #...         14%         1    None
 Fulminant Prism          Conj/Hex       ###.......   36%         4    ###....
 Iskenderun's Mystic Bla  Conj/Tloc      ###.....     36%         4    ###....


Dungeon Overview and Level Annotations

Branches:
Dungeon (4/15)
 Temple: D:4-7

Altars:
Ashenzari

Annotations:
D:4 Duvessa


Message History

(Press . to maintain the ray.)
The searing ray hits Dowan!
The searing ray hits Dowan!
Dowan casts a spell at you.
The puff of frost hits you but does no damage.
The searing ray hits Dowan!
You kill Dowan!
You hear a distant scream of rage.
You finish channeling your searing ray.
Things that are here:
a +0 dagger; a +0 robe; the elf corpse of Dowan You butcher the elf corpse of Dowan.
w - 3 chunks of flesh
Things that are here:
a +0 dagger; a +0 robe; the elf skeleton of Dowan Eating one of 3 chunks of flesh.
You eat one of the 3 chunks of flesh.
Duvessa, Sister of Dowan comes into view.
She is wielding a +0 short sword of speed.
Aim: Duvessa, wielding a +0 short sword of speed and wearing a +0 leather armour (wandering, hasn't noticed you)
The mass of ice explodes!
The iceblast engulfs Duvessa!
Duvessa shouts!
Duvessa goes berserk!
You hear a shout!
Okay, then.
Aim: Duvessa, wielding a +0 short sword of speed and wearing a +0 leather armour (moderately wounded, berserk)
The searing ray hits Duvessa! (Press . to maintain the ray.) Duvessa hits you with a +0 short sword of speed.
The searing ray hits Duvessa.
Duvessa barely misses you.
Duvessa hits you with a +0 short sword of speed.
The searing ray hits Duvessa!
Duvessa hits you with a +0 short sword of speed!
Duvessa hits you but does no damage.
You closely miss Duvessa. Duvessa barely misses you.
Duvessa hits you with a +0 short sword of speed.
* * * LOW HITPOINT WARNING * * *
You hit Duvessa. You burn Duvessa.
Duvessa hits you with a +0 short sword of speed.
* * * LOW HITPOINT WARNING * * *
Duvessa barely misses you. Duvessa closely misses you.
Aim: Duvessa, wielding a +0 short sword of speed and wearing a +0 leather armour (heavily wounded, berserk)
The searing ray misses Duvessa. (Press . to maintain the ray.) Duvessa barely misses you.
The searing ray hits Duvessa!
Duvessa hits you with a +0 short sword of speed.
* * * LOW HITPOINT WARNING * * *
Duvessa hits you with a +0 short sword of speed.
* * * LOW HITPOINT WARNING * * *
The searing ray hits Duvessa!
Duvessa hits you with a +0 short sword of speed!
You die...

#.# #.#
#.# #.#
#.# #.#
#.# #.#
#@# #e#
#......#
#......♣
#..###..
#. ##♣ #


You could see Duvessa (berserk).

Vanquished Creatures
  Sigmund (D:3)
  Dowan (D:4)
  Crazy Yiuf (D:3)
  Natasha (thrice) (D:3)
  Ijyb (D:3)
  An adder (D:3)
  An ooze (D:1)
  4 dart slugs (D:1)
  A worm (D:2)
  4 leopard geckos
  A ball python (D:1)
  A goblin (D:3)
  6 hobgoblins
  6 jackals
  A quokka (D:2)
  10 bats
  5 frilled lizards
  7 kobolds
  5 rats
60 creatures vanquished.

Notes
Turn   | Place    | Note
-------+----------+-------------------------------------------
     0 | D:1      | vurker the Deep Elf Conjurer began the quest for the Orb.
     0 | D:1      | Reached XP level 1. HP: 10/10 MP: 6/6
   247 | D:1      | Reached XP level 2. HP: 16/16 MP: 1/8
   749 | D:1      | Reached XP level 3. HP: 20/20 MP: 7/10
  1536 | D:2      | Reached skill level 5 in Conjurations
  1538 | D:2      | Reached skill level 1 in Fighting
  2289 | D:3      | Learned a level 2 spell: Searing Ray
  2551 | D:3      | Noticed Sigmund
  2558 | D:3      | Killed Sigmund
  2558 | D:3      | Reached skill level 5 in Spellcasting
  2558 | D:3      | Reached XP level 4. HP: 26/26 MP: 3/13
  2558 | D:3      | Reached XP level 5. HP: 30/30 MP: 3/15
  2765 | D:3      | Found a shattered altar of Ashenzari.
  3113 | D:3      | Noticed Ijyb
  3122 | D:3      | HP: 1/30 [Ijyb/iceblast (15)]
  3133 | D:3      | HP: 1/30 [Ijyb (1)]
  3136 | D:3      | Killed Ijyb
  3567 | D:3      | Noticed Natasha
  3574 | D:3      | Killed Natasha
  3574 | D:3      | Reached XP level 6. HP: 16/35 MP: 8/16
  3598 | D:3      | Noticed Natasha
  3601 | D:3      | Killed Natasha
  3786 | D:3      | Found a runed translucent door.
  3787 | D:3      | Noticed Crazy Yiuf
  3793 | D:3      | Killed Crazy Yiuf
  4038 | D:3      | Noticed Natasha
  4041 | D:3      | Killed Natasha
  4073 | D:3      | Found a shattered altar of Ashenzari.
  4546 | D:4      | Noticed Dowan
  4572 | D:4      | Killed Dowan
  4590 | D:4      | Noticed Duvessa
  4599 | D:4      | Slain by Duvessa

Illustrated notes

Levels and vault maps discovered:
D:1:      dpeg_arrival_water_temple_mockup, layout_loops_ring,
          minmay_parallelograms, minmay_indecisive_spiral
D:2:      layout_basic
D:3:      layout_loops_ring, ashenzari_altar_1, uniq_natasha,
          uniq_crazy_yiuf_cottage, uniq_ijyb, uniq_sigmund
D:4:      layout_loops_ring, temple_pool_b, serial_forest,
          infiniplex_forest_straight_2, infiniplex_forest_split,
          infiniplex_forest_diagonal, infiniplex_forest_lined_3,
          hellmonk_ghost_happy_afterlife, first_ration, uniq_duvessa

Skill      XL: |  1  2  3  4  5  6 |
---------------+-------------------+-----
Spellcasting   | 5 6 |  6.4
Conjurations   | 5 6 |  6.4
Fighting       | 1 2 |  2.2
Dodging        | |  2.4
Stealth        | |  2.4

Action                   |  1- 3 |  4- 6 || total
-------------------------+-------+-------++-------
Melee: Unarmed           |     6 |       ||     6
       Quarterstaff      |       |     3 ||     3
 Cast: Magic Dart        |    95 |    33 ||   128
       Searing Ray       |     1 |     9 ||    10
Evoke: Wand              |       |     1 ||     1
 Stab: Sleeping          |       |     1 ||     1
  Eat: Chunk             |     5 |     6 ||    11
Armor: Robe              |     1 |     1 ||     2
       Leather armour    |       |     2 ||     2
Dodge: Dodged            |    14 |    12 ||    26

Table legend:
 A = Non-vault XP
 B = Vault XP
 C = Vault XP percentage of total XP
 D = Non-vault monster count
 E = Vault monster count
 F = Vault count percentage of total count
                 A         B        C        D         E       F
            +---------+---------+-------+---------+---------+-------
      Total |     181 |     408 |  69.3 |      51 |       9 |  15.0
            +---------+---------+-------+---------+---------+-------
        D:1 |      49 |       4 |   7.5 |      21 |       4 |  16.0
        D:2 |      24 |       0 |   0.0 |      13 |       0 |   0.0
        D:3 |     108 |     337 |  75.7 |      17 |       4 |  19.0
        D:4 |       0 |      67 | 100.0 |       0 |       1 | 100.0
            +---------+---------+-------+---------+---------+-------
